 Dungeon Crawl Stone Soup version 0.25-a0-737-g26c3a87c45 (webtiles) character file.

Game seed: 16379701137627488674, levelgen mode: classic

58127 Amnesiac the Zephyrmancer (level 14, -2/110 HPs)
             Began as a Demigod Air Elementalist on Apr 12, 2020.
             Shot with an arrow by a deep elf archer (33 damage)
             ... on level 2 of the Elven Halls.
             The game lasted 00:57:02 (26454 turns).

Amnesiac the Zephyrmancer (DgAE)                   Turns: 26454, Time: 00:57:03

Health: -2/110     AC: 19    Str: 19    XL:     14   Next: 13%
Magic:  14/32      EV: 17    Int: 27    God:
Gold:   117        SH:  6    Dex: 20    Spells: 16/33 levels left

rFire    + . .     SeeInvis .   a - staff of air
rCold    + . .     Gourm    +   q - +0 buckler
rNeg     . . .     Faith    .   v - +2 robe {rC+ rF+}
rPois    +         Spirit   .   m - +2 helmet of the Pure Spirits {rElec MR+ Str+8 Slay+4}
rElec    +         Reflect  .   N - +2 cloak {rPois}
rCorr    .         Harm     .   l - +2 pair of gloves {archery}
MR       +++..     Clarity  +   r - +0 pair of boots of the Foremost Seas {Dex+4}
Stlth    ++........             y - amulet of the gourmand
HPRegen  0.28/turn              n - ring of poison resistance
MPRegen  0.23/turn              J - ring of wizardry

@: no status effects
A: thin metallic scales 1, clarity, high mp 1, magic resistance 1, screaming 1
a: no special abilities


You were on level 2 of the Elven Halls.
You were very full.

You visited 3 branches of the dungeon, and saw 17 of its levels.
You also visited: Ossuary.

You collected 1713 gold pieces.
You spent 1596 gold pieces at shops.

Inventory:

Armour
 l - a +2 pair of gloves of archery (worn)
 m - the +2 helmet of the Pure Spirits (worn) {rElec MR+ Str+8 Slay+4}
   (You bought it in a shop on level 9 of the Dungeon)

   It affects your strength (+8).
   It affects your accuracy and damage with ranged weapons and melee attacks
   (+4).
   It insulates you from electricity.
   It affects your resistance to hostile enchantments.
 p - a +0 troll leather armour
 q - a +0 buckler (worn)
 r - the +0 pair of boots of the Foremost Seas (worn) {Dex+4}
   (You bought it in a shop on level 2 of the Orcish Mines)

   It affects your dexterity (+4).
 v - a +2 robe of resistance (worn)
 N - a +2 cloak of poison resistance (worn)
Magical Staves
 a - an uncursed staff of air (weapon)
 M - an uncursed staff of wizardry {!a}
Jewellery
 h - an uncursed ring of fire
 j - an uncursed ring of see invisible
 n - a ring of poison resistance (left hand)
 y - an amulet of the gourmand (around neck)
 I - an uncursed amulet of guardian spirit
 J - a ring of wizardry (right hand)
 R - the ring of Ygunec {rC++ rN+ Stlth+}
   (You took it off a deep elf mage on level 1 of the Elven Halls)

   [ring of stealth]

   It greatly protects you from cold.
   It protects you from negative energy.
   It makes you more stealthy.
 T - the ring "Acedim" {rF+ Str+4 Int-2 Stlth+, unknown}
   (You found it on level 1 of the Elven Halls)

   [ring of protection from fire]

   It affects your strength (+4).
   It affects your intelligence (-2).
   It protects you from fire.
   It makes you more stealthy.
Wands
 t - a wand of random effects (11)
 z - a wand of flame (33)
 O - a wand of acid (8)
 P - a wand of digging (1)
 Q - a wand of polymorph (7)
Scrolls
 b - 2 scrolls of magic mapping {!r}
 d - 4 scrolls of teleportation {!r}
 f - 2 scrolls of enchant armour {!r}
 g - 9 scrolls of remove curse {!r}
 k - 5 scrolls of amnesia {!r}
 x - 3 scrolls of fear {!r}
 B - 3 scrolls of vulnerability {!r}
 C - 6 scrolls of enchant weapon {!r}
 H - a scroll of identify {!r}
Potions
 e - a potion of resistance {!q}
 i - 5 potions of mutation {!q}
 o - a potion of brilliance {!q}
 s - a potion of ambrosia {!q}
 u - 5 potions of curing {!q}
 w - a potion of magic {!q}
 A - 3 potions of lignification {!q}
 D - a potion of might {!q}
 E - 2 potions of haste {!q}
 G - 4 potions of flight {!q}
 K - a potion of berserk rage {!q}
 L - a potion of invisibility {!q}
Miscellaneous
 F - a box of beasts
Comestibles
 c - 30 rations


   Skills:
 - Level 6.0 Fighting
 + Level 6.7 Staves
 - Level 13.0 Armour
 - Level 6.0 Dodging
 - Level 2.0 Stealth
 - Level 4.0 Shields
 - Level 10.0 Spellcasting
 - Level 0.8 Conjurations
 * Level 14.2 Air Magic
 - Level 5.0 Evocations


You had 16 spell levels left.
You knew the following spells:

 Your Spells              Type           Power        Failure   Level  Hunger
a - Shock                 Conj/Air       ####         1%          1    None
b - Mephitic Cloud        Conj/Pois/Air  ######..     1%          3    None
c - Lightning Bolt        Conj/Air       ######....   2%          5    ####...
e - Airstrike             Air            #######...   1%          4    None
v - Blink                 Tloc           N/A          2%          2    None
z - Swiftness             Chrm/Air       ######..     1%          2    None

Your spell library contained the following spells:

 Spells                   Type           Power        Failure   Level  Hunger
 Corona                   Hex            ##.....      1%          1    None
 Magic Dart               Conj           ###.         1%          1    None
 Poisonous Vapours        Pois/Air       ######       1%          2    None
 Static Discharge         Conj/Air       ######..     1%          3    None
 Call Imp                 Summ           ##......     2%          2    None
 Ensorcelled Hibernation  Hex/Ice        ##....       2%          2    None
 Slow                     Hex            ##......     2%          2    None
 Conjure Flame            Conj/Fire      ###.....     4%          3    None
 Dazzling Flash           Conj/Hex       ###...       4%          3    None
 Confusing Touch          Hex            ##......     5%          3    None
 Gell's Gravitas          Tloc           ##........   5%          3    None
 Tukima's Dance           Hex            ##......     5%          3    None
 Petrify                  Tmut/Erth      ##......     16%         4    None
 Freezing Cloud           Conj/Ice/Air   ######....   32%         6    #####..
 Metabolic Englaciation   Hex/Ice        ##........   41%         5    ####...
 Yara's Violent Unravell  Hex/Tmut       ##........   41%         5    ####...
 Ring of Flames           Chrm/Fire      ##........   100%        7    #######


Dungeon Overview and Level Annotations

Branches:
Dungeon (13/15)            Temple (0/1) D:4            Lair (0/6) D:11
    Orc (2/2) D:9             Elf (2/3) Orc:2       Ossuary (visited)
 Vaults: D:13-14

Shops:
D:5 *   D:8 *   D:9 *   Orc:1 [*%   Orc:2 [*!(   Elf:2 ?


Innate Abilities, Weirdness & Mutations

You have an increased reservoir of magic. (+10% MP)
You are partially covered in thin metallic scales. (AC +2)
You possess an exceptional clarity of mind.
You are resistant to hostile enchantments. (MR+)
You occasionally shout uncontrollably at your foes.


Message History

The deep elf archer is severely wounded.
A vortex of raging winds appears around the air elemental!
The deep elf knight gestures at you while chanting.
The stone arrow hits you!!
The vortex of raging winds lifts you up.
You fly up into the air.
You stop ascending the stairs.
The air elemental hits you.
The deep elf archer shoots an arrow.
The arrow barely misses you. You block the air elemental's attack.
The blink frog barely misses you.
Casting: Airstrike (safe; 1% risk of failure)
Confirm with . or Enter, or press ? or * to list all spells.
Aiming: Airstrike (safe; 1% risk of failure)
Press: ? - help, Dir - move target cursor, f - air elemental, p - deep elf archer
Aim: an air elemental You feel a surge of power!
The air twists around and violently strikes the air elemental!!
The air elemental is severely damaged.
You are engulfed in raging winds.
The air elemental completely misses you. x2
The deep elf archer shoots an arrow.
The arrow hits you!
* * * LOW HITPOINT WARNING * * *
The blink frog misses you. The air elemental hits you.
* * * LOW HITPOINT WARNING * * *
Casting: Airstrike (safe; 1% risk of failure)
Confirm with . or Enter, or press ? or * to list all spells.
Okay, then.
You are engulfed in raging winds.
* * * LOW HITPOINT WARNING * * *
The winds around the air elemental start to calm down.
The blink frog hits you!
* * * LOW HITPOINT WARNING * * *
The air elemental misses you.
The deep elf mage hits you but does no damage.
Casting: Airstrike (safe; 1% risk of failure)
Confirm with . or Enter, or press ? or * to list all spells.
You blink.
The deep elf archer blinks!
Found a scroll of amnesia.
Casting: Blink (safe; 2% risk of failure)
Confirm with . or Enter, or press ? or * to list all spells.
Aiming: Airstrike (safe; 1% risk of failure)
Press: ? - help, Dir - move target cursor, f/p - air elemental
Aim: an air elemental (severely damaged)
You feel a surge of power!
The air twists around and violently strikes the air elemental!!
You destroy the air elemental!
You float gracefully downwards.
The deep elf archer shoots an arrow.
The arrow hits you.
* * * LOW HITPOINT WARNING * * *
Casting: Airstrike (safe; 1% risk of failure)
Confirm with . or Enter, or press ? or * to list all spells.
You blink.
The deep elf knight misses you.
The blink frog hits you but does no damage.
The deep elf archer blinks!
The deep elf mage casts a spell.
The deep elf mage blinks!
The deep elf archer unwields a +0 short sword.
The deep elf archer wields a +0 shortbow of freezing.
It is covered in frost.
The deep elf archer shoots an arrow.
The arrow barely misses you.
The deep elf knight casts a spell at you.
The stone arrow hits you but does no damage.
There is a stone staircase leading up here.
The deep elf archer shoots an arrow.
The arrow hits you!!
You die...

#...e.# #.# ...# #.?..
.###.## #...#..
..#....##.#...###.......
.......(e.....(.e.......
.......##...e...##...##.
..#.... #.§.....# ..#
##..# #..eee..# ## ###
##(F..∩## ##.@.## ##.##
###


You could see 3 deep elf archers, a deep elf knight, 2 deep elf magi and a blink
frog.

Vanquished Creatures
  2 orc warlords (Orc:1)
  A deep elf sorcerer (Elf:1)
  An ettin (Orc:2)
  Harold (D:8)
  A deep elf high priest (Elf:1)
  4 dancing weapons (Elf:1)
  Erica (Orc:1)
  2 two-headed ogres
  A queen ant (D:10)
  3 orc high priests (Orc:2)
  4 deep elf knights (Elf:1)
  An unseen horror (D:10)
  5 deep elf archers (Elf:1)
  22 deep elf magi
  5 orc knights
  Pikel (D:7)
  2 ugly things
  A cyclops (Orc:2)
  4 orc sorcerers
  A moth of wrath (D:4)
  Joseph (D:7)
  A guardian serpent (shapeshifter) (Elf:1)
  A gargoyle (D:11)
  A rime drake (D:11)
  13 trolls
  2 tengu conjurers (D:12)
  A jumping spider (shapeshifter) (Elf:1)
  2 hornets
  3 hippogriffs
  3 slime creatures
  An air elemental (Elf:2)
  Sigmund (D:5)
  A wraith (D:10)
  A wyvern (D:11)
  2 water elementals (Elf:1)
  20 yaks
  A human (D:11)
  Grum (D:9)
  A fire elemental (Elf:1)
  3 hungry ghosts
  Edmund (D:5)
  19 soldier ants
  The ghost of Daviar the Poker, an amateur VSFi (D:7)
  3 porcupines
  2 water moccasins
  4 ice beasts
  4 slaves (D:7)
  26 orc warriors
  2 phantoms (D:7)
  A sky beast (D:12)
  4 black bears
  4 wolves (D:9)
  14 ogres
  16 centaurs
  A crocodile (D:11)
  2 big kobolds
  5 bullfrogs
  2 elf zombies (Ossuary)
  A scorpion (D:5)
  48 killer bees (D:9)
  4 wights
  2 crimson imps
  A bullfrog zombie (D:8)
  2 centaur zombies
  A quasit (D:8)
  2 centaur skeletons
  2 hounds
  2 human zombies (Ossuary)
  18 orc priests
  3 jellies
  27 orc wizards
  An iron imp (D:9)
  An iguana (D:10)
  24 worker ants
  A hound zombie (D:6)
  4 mummies
  2 worker ant zombies
  4 gnolls
  17 adders
  2 shadow imps (D:6)
  An adder zombie (Ossuary)
  3 adder skeletons
  4 worms
  9 leopard geckos
  82 orcs
  A ball python (D:1)
  3 giant cockroaches
  9 hobgoblins
  13 jackals
  9 kobolds
  3 quokkas
  4 bats
  5 frilled lizards
  A giant cockroach zombie (D:5)
  4 goblins
  12 hobgoblin zombies
  3 jackal zombies (Ossuary)
  9 kobold zombies
  A leopard gecko skeleton (D:5)
  9 orc zombies
  A quokka skeleton (D:4)
  5 rats
  2 rat zombies (Ossuary)
596 creatures vanquished.

Vanquished Creatures (others)
  A rime drake (D:11)
  A jelly (D:11)
  37 fungi (D:11)
  10 plants (D:11)
49 creatures vanquished.

Grand Total: 645 creatures vanquished

Notes
Turn   | Place    | Note
-------+----------+-------------------------------------------
     0 | D:1      | Amnesiac the Demigod Air Elementalist began the quest for
                  | the Orb.
     0 | D:1      | Reached XP level 1. HP: 14/14 MP: 5/5
   141 | D:1      | Reached skill level 3 in Air Magic
   245 | D:1      | Reached XP level 2. HP: 14/20 MP: 2/7
  1012 | D:2      | Reached XP level 3. HP: 26/26 MP: 5/9
  1452 | D:3      | Reached skill level 4 in Air Magic
  1776 | D:3      | Found an opulent altar of Gozag.
  1862 | D:3      | Found a burning altar of Makhleb.
  2064 | D:3      | Reached XP level 4. HP: 33/33 MP: 7/10
  2070 | D:3      | Learned a level 4 spell: Airstrike
  2073 | D:3      | Learned a level 2 spell: Swiftness
  2647 | D:4      | Reached XP level 5. HP: 32/38 MP: 5/12
  2696 | D:4      | Found a staircase to the Ecumenical Temple.
  2869 | D:4      | Reached skill level 5 in Air Magic
  2964 | D:4      | Noticed a moth of wrath
  2967 | D:4      | Found a bloodstained altar of Trog.
  3291 | D:4      | Killed a moth of wrath
  3291 | D:4      | Reached skill level 6 in Air Magic
  3291 | D:4      | Reached XP level 6. HP: 45/45 MP: 2/15
  3291 | D:4      | Reached XP level 7. HP: 50/50 MP: 2/16
  3537 | D:4      | Found a glowing golden altar of the Shining One.
  4033 | D:5      | Entered Level 5 of the Dungeon
  4048 | D:5      | Found Koifome's Elemental Accessories.
  4076 | D:5      | Reached skill level 1 in Shields
  4471 | D:5      | Reached skill level 7 in Air Magic
  4969 | D:5      | Noticed Sigmund
  5150 | D:5      | Noticed Edmund
  5162 | D:5      | Killed Edmund
  5162 | D:5      | Reached XP level 8. HP: 55/57 MP: 1/18
  5310 | D:5      | Killed Sigmund
  5310 | D:5      | Reached skill level 5 in Spellcasting
  5310 | D:5      | Reached skill level 8 in Air Magic
  5804 | D:6      | HP: 1/57 [orc wizard/magic dart (9)]
  5809 | D:6      | Gained mutation: You are partially covered in thin metallic
                  | scales. (AC +2) [potion of mutation]
  5809 | D:6      | Gained mutation: You occasionally shout uncontrollably at
                  | your foes. [potion of mutation]
  5809 | D:6      | Gained mutation: You are resistant to hostile enchantments.
                  | (MR+) [potion of mutation]
  5809 | D:6      | Gained mutation: You possess an exceptional clarity of
                  | mind. [potion of mutation]
  6000 | D:6      | Found a sand-covered staircase.
  6073 | Ossuary  | Entered an ossuary
  6767 | Ossuary  | Reached skill level 9 in Air Magic
  6942 | D:6      | Reached XP level 9. HP: 62/62 MP: 8/21
  7701 | D:7      | Identified a paperback manual
  7749 | D:7      | Found an ancient bone altar of Kikubaaqudgha.
  7751 | D:7      | Noticed Joseph
  7800 | D:7      | Learned a level 2 spell: Blink
  7804 | D:7      | Learned a level 3 spell: Mephitic Cloud
  7818 | D:7      | Learned a level 5 spell: Lightning Bolt
  7893 | D:7      | Found a transporter.
  7893 | D:7      | Noticed Daviar's ghost (amateur VSFi)
  7902 | D:7      | Found a transporter.
  8108 | D:7      | Killed Daviar's ghost
  8108 | D:7      | Reached skill level 10 in Air Magic
  8186 | D:7      | Killed Joseph
  8356 | D:7      | Noticed Pikel
  8409 | D:7      | Killed Pikel
  8859 | D:7      | Identified the Papyrus of Egomania
  9088 | D:8      | Noticed Harold
  9152 | D:8      | Reached XP level 10. HP: 52/69 MP: 5/26
  9234 | D:8      | Found Pujory's Mass Market.
  9467 | D:8      | Killed Harold
 10155 | D:9      | Found a hazy altar of Hepliaklqana.
 10307 | D:9      | Found a blossoming altar of Fedhas.
 10357 | D:9      | Reached skill level 10 in Spellcasting
 10373 | D:9      | Reached skill level 1 in Fighting
 10392 | D:9      | HP: 2/111 [yak (9)]
 10857 | D:9      | Found Reass's Assorted Antiques.
 10865 | D:9      | Bought a scroll labeled DUHUQA FOUNTUMN for 31 gold pieces
 10865 | D:9      | Bought a polished helmet for 294 gold pieces
 10875 | D:9      | Identified the +2 helmet of the Pure Spirits {rElec MR+
                  | Str+8 Slay+4} (You bought it in a shop on level 9 of the
                  | Dungeon)
 10896 | D:9      | Found a shimmering blue altar of Sif Muna.
 10896 | D:9      | Found a stormy altar of Qazlal.
 11246 | D:9      | Found a snail-covered altar of Cheibriados.
 11284 | D:9      | Found a staircase to the Orcish Mines.
 11439 | D:9      | Reached skill level 1 in Armour
 11651 | D:9      | Reached XP level 11. HP: 84/84 MP: 24/29
 11811 | D:9      | Noticed Grum
 11816 | D:9      | Killed Grum
 11911 | D:9      | Reached skill level 5 in Armour
 13250 | D:10     | Entered Level 10 of the Dungeon
 13911 | D:10     | Noticed a two-headed ogre
 13915 | D:10     | Killed a two-headed ogre
 13915 | D:10     | Reached skill level 10 in Armour
 14293 | D:10     | Killed an unseen horror
 14626 | D:10     | Identified a scroll of acquirement {!r}
 14627 | D:10     | Identified the +2 quick blade of Understanding {freeze,
                  | Int+2} (You acquired it on level 10 of the Dungeon)
 14897 | D:11     | Noticed a queen ant
 14910 | D:11     | You fall into a shaft and drop 2 floors!
 15484 | D:11     | HP: 3/84 [rime drake/flash freeze (11)]
 15773 | D:10     | Reached XP level 12. HP: 92/92 MP: 0/30
 16340 | D:10     | Reached skill level 5 in Dodging
 16344 | D:10     | Reached skill level 5 in Fighting
 17962 | D:11     | Reached skill level 1 in Evocations
 18389 | D:11     | Found a staircase to the Lair.
 19093 | Orc:1    | Entered Level 1 of the Orcish Mines
 19290 | Orc:2    | Entered Level 2 of the Orcish Mines
 19512 | Orc:2    | Noticed an orc warlord
 19517 | Orc:2    | Noticed an ettin
 19538 | Orc:2    | Killed an ettin
 19686 | Orc:1    | You fall into a shaft and drop 1 floor!
 19696 | Orc:2    | Reached skill level 11 in Air Magic
 19886 | Orc:1    | Noticed an orc warlord
 19911 | Orc:1    | Killed an orc warlord
 20558 | Orc:1    | Reached skill level 5 in Evocations
 20808 | Orc:1    | Noticed Erica
 20829 | Orc:1    | Killed Erica
 21082 | Orc:1    | Found Pijykhlyo's Assorted Antiques.
 21082 | Orc:1    | Found Sepneeg's Food Emporium.
 21104 | Orc:1    | Bought a scroll labeled XECOQO MOWN for 29 gold pieces
 21109 | Orc:1    | Bought a scroll of identify for 58 gold pieces
 21235 | Orc:1    | Found Wiveosaw's Armour Shoppe.
 21347 | Orc:2    | Reached skill level 1 in Staves
 21405 | Orc:2    | Found a staircase to the Elven Halls.
 21450 | Orc:1    | Killed an orc warlord
 21450 | Orc:1    | Reached XP level 13. HP: 96/102 MP: 0/31
 22620 | Orc:2    | Reached skill level 12 in Air Magic
 23362 | Orc:2    | Found Ages's Weapon Boutique.
 23362 | Orc:2    | Found Petouq's Antique Armour Shoppe.
 23364 | Orc:2    | Found Izxig's Distillery.
 23364 | Orc:2    | Found Tyvithyb's General Store.
 23372 | Orc:2    | Bought a potion of brilliance for 56 gold pieces
 23375 | Orc:2    | Bought a pair of twisted boots for 218 gold pieces
 23380 | Orc:2    | Identified the +0 pair of boots of the Foremost Seas
                  | {Dex+4} (You bought it in a shop on level 2 of the Orcish
                  | Mines)
 23380 | Orc:2    | Bought an embroidered cloak for 172 gold pieces
 23385 | Orc:2    | Bought an embroidered cloak for 172 gold pieces
 23385 | Orc:2    | Bought an embroidered robe for 85 gold pieces
 23536 | Orc:1    | Bought a +2 pair of gloves of archery for 365 gold pieces
 23552 | Orc:1    | Bought a sharpened bone wand for 116 gold pieces
 23584 | Elf:1    | Entered Level 1 of the Elven Halls
 24114 | Elf:1    | Reached skill level 13 in Air Magic
 24148 | Elf:1    | Reached skill level 5 in Staves
 24385 | Elf:1    | Noticed a deep elf sorcerer
 24408 | Elf:1    | Killed a deep elf sorcerer
 25821 | Elf:1    | Identified the ring of Ygunec {rC++ rN+ Stlth+}
 25825 | Elf:1    | Reached XP level 14. HP: 110/110 MP: 19/32
 25993 | Elf:1    | Reached skill level 14 in Air Magic
 26271 | Elf:1    | Got a faintly glowing steel ring
 26442 | Elf:2    | Found Guxtol's Magic Scroll Shop.
 26454 | Elf:2    | Shot with an arrow by a deep elf archer

Levels and vault maps discovered:
D:1:      ncdulo_wetmaze, layout_rooms, serial_forest,
          infiniplex_forest_lined_corner, infiniplex_forest_clump_tiny,
          infiniplex_forest_clump_medium, infiniplex_forest_corner_1,
          infiniplex_forest_clump_medium, infiniplex_forest_clump_long,
          infiniplex_forest_clump_diagonal
D:2:      layout_basic, first_ration
D:3:      mumra_celtic_spiral_tile, layout_rooms, grunt_temple_overflow_open
D:4:      minmay_diamond_boxcup, layout_loops_ring, old_standard_altar,
          tgw_trog, minmay_temple_entry_grid, st_stairs_3
D:5:      layout_gridville, serial_bayou_pond_a, nicolae_elemental_shop,
          sigmund_edmund_badplayer
D:6:      layout_cave_pools, nicolae_ossuary_entry_monument, serial_park,
          minmay_misc_feat_columns, minmay_mini_ossuary
D:7:      layout_basic, overflow_temple_1_default, gammafunk_ghost_mausoleum,
          minmay_manual_mares, uniq_pikel, uniq_joseph
D:8:      layout_rooms, minmay_shop_mass, uniq_harold
D:9:      wad_woods_minihive, layout_irregular_city, slow_altar_2,
          kennysheep_little_box, old_standard_altar,
          gammafunk_temple_overflow_elements, david_orc_2, serial_shops,
          nicolae_shop_crystal, uniq_grum
D:10:     layout_stronghold
D:11:     layout_stronghold, due_lair_maze_entry_diamond, portal_ice_cave_rime,
          grunt_pizzeria, corexii_checkpoint_b, minivault_29
D:12:     layout_loops_ring
D:13:     layout_layer_cave, grunt_vaults_entry_tiered, uniq_urug
Orc:1:    layout_diamond_mine, serial_shops, shop, shop, nicolae_shop_crystal,
          uniq_erica
Orc:2:    grunt_orc_tribal_feast, layout_caves
Elf:1:    layout_loops_corners, kennysheep_underground_church
Elf:2:    layout_rooms, serial_shops, shop, lemuel_flamethrower_2

Skill      XL: |  1  2  3  4  5  6  7  8  9 10 11 12 13 14 |
---------------+-------------------------------------------+-----
Spellcasting   | 2 4 5 8 10 | 10.0
Air Magic      | 3 4 6 7 9 10 11 13 14 | 14.2
Shields        | 2 4 |  4.0
Fighting       | 4 6 |  6.0
Dodging        | 4 6 |  6.0
Armour         | 2 13 | 13.0
Evocations     | 5 |  5.0
Stealth        | 2 |  2.0
Staves         | 1 6 |  6.7
Conjurations   | |  0.8

Action                   |  1- 3 |  4- 6 |  7- 9 | 10-12 | 13-15 || total
-------------------------+-------+-------+-------+-------+-------++-------
Melee: Halberd           |     5 |       |    32 |       |       ||    37
       Staff             |       |       |    11 |    69 |    35 ||   115
       Unarmed           |       |       |       |    31 |       ||    31
 Cast: Shock             |    66 |    60 |   141 |   113 |     4 ||   384
       Airstrike         |       |     8 |   120 |   452 |   196 ||   776
       Lightning Bolt    |       |       |       |    41 |     5 ||    46
       Swiftness         |       |       |       |     1 |       ||     1
       Blink             |       |       |       |       |     3 ||     3
Evoke: Wand              |       |       |     1 |    18 |    14 ||    33
  Use: Potion            |       |       |     2 |     9 |       ||    11
       Scroll            |       |       |       |    23 |       ||    23
 Stab: Sleeping          |     1 |       |     1 |       |       ||     2
  Eat: Chunk             |     4 |     5 |    44 |    49 |    16 ||   118
       Ration            |       |       |     1 |       |       ||     1
Armor: Robe              |     2 |     6 |    28 |    10 |    23 ||    69
       Skin              |       |       |       |    40 |       ||    40
       Leather armour    |       |       |       |    21 |       ||    21
       Troll leather arm |       |       |       |    93 |     3 ||    96
Dodge: Dodged            |     6 |    41 |    91 |   348 |    66 ||   552
Block: Buckler           |       |       |    10 |   136 |    19 ||   165

Table legend:
 A = Non-vault XP
 B = Vault XP
 C = Vault XP percentage of total XP
 D = Non-vault monster count
 E = Vault monster count
 F = Vault count percentage of total count
                 A         B        C        D         E       F
            +---------+---------+-------+---------+---------+-------
      Total |   52865 |   30174 |  36.3 |     362 |     231 |  39.0
            +---------+---------+-------+---------+---------+-------
        D:1 |      43 |       0 |   0.0 |      17 |       0 |   0.0
        D:2 |      28 |       0 |   0.0 |       7 |       0 |   0.0
        D:3 |     116 |       0 |   0.0 |      25 |       0 |   0.0
        D:4 |     118 |     756 |  86.5 |      17 |      11 |  39.3
        D:5 |     864 |     389 |  31.0 |      28 |       2 |   6.7
        D:6 |    1028 |      22 |   2.1 |      32 |       5 |  13.5
        D:7 |     583 |    1755 |  75.1 |       6 |       9 |  60.0
        D:8 |     754 |    1039 |  57.9 |      18 |       1 |   5.3
        D:9 |    1939 |    6906 |  78.1 |      15 |      74 |  83.1
       D:10 |    5215 |    1787 |  25.5 |      29 |       9 |  23.7
       D:11 |    6378 |    4721 |  42.5 |      35 |      44 |  55.7
       D:12 |    1734 |       0 |   0.0 |      13 |       0 |   0.0
      Orc:1 |    7230 |    2027 |  21.9 |      44 |       3 |   6.4
      Orc:2 |    4560 |    6365 |  58.3 |      40 |      28 |  41.2
      Elf:1 |   22045 |    4007 |  15.4 |      35 |       6 |  14.6
      Elf:2 |     230 |       0 |   0.0 |       1 |       0 |   0.0
    Ossuary |       0 |     400 | 100.0 |       0 |      39 | 100.0
            +---------+---------+-------+---------+---------+-------
